 Dungeon Sprint DCSS version 0.22-a0-142-g91cc6d7 (webtiles) character file.

7166 esc the Unseen (level 10, -23/61 HPs)
             Began as a Spriggan Assassin on Feb 5, 2018.
             Was a High Priest of Dithmenos.
             Annihilated by a spriggan defender
             ... wielding a +0 demon whip of draining
              (35 damage)
             ... in the Dungeon (Sprint IV: "Fedhas' Mad Dash").
             The game lasted 00:16:57 (2495 turns).

esc the Unseen (Spriggan Assassin)                  Turns: 2495, Time: 00:16:58

Health: -23/61     AC:  3    Str:  7    XL:     10   Next: 86%
Magic:  9/11       EV: 34    Int: 12    God:    Dithmenos [*****.]
Gold:   206        SH:  0    Dex: 22    Spells: 9/9 levels left

rFire    . . .     SeeInvis +   a - +2 dagger
rCold    . . .     Gourm    .   (shield restricted)
rNeg     . . .     Faith    .   c - +0 robe
rPois    .         Spirit   .   (helmet restricted)
rElec    .         Reflect  .   d - +0 cloak
rCorr    .         Harm     .   (gloves unavailable)
MR       +....     NoTele   +   (boots unavailable)
Stlth    ++++++++++             n - amulet of invisibility {+Inv}
HPRegen  0.20/turn              (no ring)
MPRegen  0.12/turn              (no ring)

@: very slightly contaminated, hasted, wreathed by umbra, drained, very quick
A: very small, unfitting armour, see invisible, herbivore, speed 3, slow
metabolism 2
a: Shadow Step, Shadow Form, Renounce Religion, Evoke Invisibility


You were in the Dungeon.
You worshipped Dithmenos.
Dithmenos was extremely pleased with you.
You were not hungry.

You visited 1 branch You collected 206 gold pieces.

Inventory:

Hand Weapons
 a - a +2 dagger (weapon)
 b - a +0 blowgun
Missiles
 e - 4 poisoned needles
 f - a curare-tipped needle
Armour
 c - a +0 robe (worn)
 d - a +0 cloak (worn)
 i - a +0 buckler
   (You took it off a spriggan in the Dungeon)
Jewellery
 n - the amulet of invisibility (around neck) {+Inv}
   (You found it in the Dungeon)

   [amulet of nothing]

   It lets you turn invisible.
 q - an uncursed ring of fire {rF+, rC-}
   (You found it in the Dungeon)
Scrolls
 m - a scroll of blinking {!r}
 o - 2 scrolls of remove curse {unknown}
 u - a scroll of identify {unknown}
Potions
 k - 2 potions of magic
 p - a potion of brilliance {unknown}
 r - a potion of lignification {unknown}
 t - a potion of flight {unknown}
Books
 s - a Young Poisoner's Handbook
   (You found it in the Dungeon)
Comestibles
 g - a ration


   Skills:
 + Level 11.2(9.9) Fighting
 + Level 14.0(12.7) Short Blades
 - Level 2.0(1.0) Throwing
 + Level 17.4(15.9) Dodging
 + Level 19.2(17.7) Stealth
 + Level 3.1(2.1) Shields


You had 9 spell levels left.
You didn't know any spells.

Dungeon Overview and Level Annotations

Branches:
Dungeon (1/1)

Altars:
Cheibriados
Dithmenos
Elyvilon
Gozag
Hepliaklqana
Kikubaaqudgha
Makhleb
Nemelex Xobeh
Okawaru
Qazlal
Ru
Sif Muna
Trog
Uskayaw
Vehumet
Wu Jian
Xom
Yredelemnul
Zin
The Shining One
Beogh
Jiyva
Lugonu

Shops:
D %!*?::%=


Innate Abilities, Weirdness & Mutations

You are very small and have problems with some larger weapons.
You are too small for most types of armour.
You have supernaturally acute eyesight. (SInv)
You are a herbivore.
You cover ground extremely quickly.
You need consume almost no food.


Message History

A spriggan defender comes into view.
It is wielding a demon whip of draining.
You flicker for a moment.
The spriggan defender shouts!
Wield which item (- for none, * to show all)? (? for menu, Esc to quit)
b - a +0 blowgun (weapon)
Firing (i - inventory. (/) - cycle)
f - 2 curare-tipped needles (quivered)
Aim: a spriggan defender, wielding a demon whip of draining, wearing a robe and wearing a buckler (umbra)
You shoot a curare-tipped needle.
The curare-tipped needle hits the spriggan defender.
The spriggan defender is poisoned.
The spriggan defender convulses.
The spriggan defender seems to slow down.
Wield which item (- for none, * to show all)? (? for menu, Esc to quit)
Okay, then.
Quiver which item? (- for none, * to show all) (? for menu, Esc to quit)
Quivering
e - 7 poisoned needles for blowguns.
Firing (i - inventory. (/) - cycle)
e - 7 poisoned needles (quivered)
Aim: a spriggan defender, wielding a demon whip of draining, wearing a robe and wearing a buckler (lightly wounded, slow, poisoned, umbra)
You shoot a poisoned needle.
The spriggan defender blocks the poisoned needle.
Firing (i - inventory. (/) - cycle)
e - 6 poisoned needles (quivered)
Aim: a spriggan defender, wielding a demon whip of draining, wearing a robe and wearing a buckler (lightly wounded, slow, poisoned, umbra)
You shoot a poisoned needle.
The spriggan defender blocks the poisoned needle.
Firing (i - inventory. (/) - cycle)
e - 5 poisoned needles (quivered)
Aim: a spriggan defender, wielding a demon whip of draining, wearing a robe and wearing a buckler (lightly wounded, slow, poisoned, umbra)
You shoot a poisoned needle.
The poisoned needle hits the spriggan defender.
The spriggan defender looks even sicker.
Wield which item (- for none, * to show all)? (? for menu, Esc to quit)
a - a +2 dagger (weapon)
You flicker back into view.
The spriggan defender completely misses you.
The spriggan defender barely misses you.
The spriggan defender hits you with a demon whip of draining!!
You emit a cloud of dark smoke.
You feel drained.
You take 36 damage, and have 25/61 hp.
MASSIVE DAMAGE!!
Unknown command.
There is an open door here.
There is an open door here.
You close the door.
Something unseen opens the door.
Things that are here:
a dagger; a robe; a spriggan corpse
There is an open door here.
Things that are here:
a quarterstaff; a robe
Okay, then.
The spriggan defender barely misses you.
Okay, then.
Okay, then.
You feel yourself speed up.
The spriggan defender completely misses you.
You feel better.
The spriggan defender completely misses you. x2
You regained 10 hp, and now have 38/61 hp.
The spriggan defender blocks your attack.
The spriggan defender blocks your shadow's attack.
You hit the spriggan defender.
The spriggan defender closely misses you.
You hit the spriggan defender.
Your shadow barely misses the spriggan defender.
You hit the spriggan defender but do no damage.
The spriggan defender looks more healthy.
The spriggan defender hits you with a demon whip of draining!!
* * * LOW HITPOINT WARNING * * *
You feel drained.
* * * LOW HITPOINT WARNING * * *
You take 27 damage, and have 11/61 hp.
MASSIVE DAMAGE!!
Okay, then.
The spriggan defender blocks your attack.
Your shadow completely misses the spriggan defender.
The spriggan defender blocks your attack.
Your shadow hits the spriggan defender with a dagger.
The spriggan defender barely misses you.
The spriggan defender blocks your attack.
The spriggan defender blocks your shadow's attack.
You barely miss the spriggan defender.
The spriggan defender blocks your shadow's attack.
The spriggan defender closely misses you.
You hit the spriggan defender.
The spriggan defender blocks your shadow's attack.
The spriggan defender completely misses you.
You closely miss the spriggan defender. You miss the spriggan defender.
You hit the spriggan defender but do no damage.
The spriggan defender completely misses you.
You hit the spriggan defender but do no damage.
You hit the spriggan defender but do no damage.
The spriggan defender completely misses you.
The spriggan defender blocks your attack.
Your shadow completely misses the spriggan defender.
The spriggan defender misses you.
The spriggan defender blocks your attack.
Your shadow hits the spriggan defender but does no damage.
The spriggan defender blocks your attack.
The spriggan defender hits you with a demon whip of draining!!
Ouch! That really hurt!
You die...

#################################
P#....%#...).#.⌠._._._._.⌠.#..'..
.'.....'.#...'.._._._._._.)'..#..
P#.....#.#...#..._._._._...#..###
###########'##.._._._._._..#.(##∩
♣........'...#._._._._._.⌠.######
...♣.....#...###################.
..♣..♣..######♣♣♣♣♣..♣.###.'..'..
###'######.['...@i.♣..♣##..#..#.P
....'.......#♣..♣♣♣.♣).###.##i##.
.)###.......#.♣♣..♣...♣')..#♣§♣##
### ########################.§§§§
###..♣§§♣§ ####.).♣.§§§§
.........♣.).. ..############


You could see a spriggan defender.

Vanquished Creatures
  Agnes (D)
  A spriggan berserker (D)
  A spriggan druid (D)
  6 oklob plants (D)
  A demonic crawler (D)
  3 wandering mushrooms (D)
  A queen bee (D)
  2 burning bushes (D)
  A hornet (D)
  2 scorpions (D)
  4 killer bees (D)
  5 oklob saplings (D)
  A worker ant (D)
  5 spriggans (D)
  A river rat (D)
  A rat (D)
  A ballistomycete (D)
  A ballistomycete spore (D)
38 creatures vanquished.

Notes
Turn   | Place    | Note
-------+----------+-------------------------------------------
     0 | D        | esc the Spriggan Assassin began the quest for the Orb.
     0 | D        | Reached XP level 1. HP: 10/10 MP: 2/2
     8 | D        | Reached skill level 2 in Fighting
     8 | D        | Reached skill level 3 in Short Blades
     8 | D        | Reached skill level 3 in Dodging
     8 | D        | Reached skill level 6 in Stealth
     8 | D        | Reached XP level 2. HP: 15/15 MP: 3/3
    20 | D        | Noticed an oklob sapling
    22 | D        | Killed an oklob sapling
    22 | D        | Reached skill level 3 in Fighting
    22 | D        | Reached skill level 4 in Short Blades
    22 | D        | Reached skill level 4 in Dodging
    22 | D        | Reached skill level 7 in Stealth
    22 | D        | Reached XP level 3. HP: 20/20 MP: 4/4
    25 | D        | Found the amulet of invisibility {+Inv}
    26 | D        | Reached skill level 5 in Dodging
    26 | D        | Reached skill level 8 in Stealth
    43 | D        | Found an opulent altar of Gozag.
    43 | D        | Found a hazy altar of Hepliaklqana.
    43 | D        | Found a burning altar of Makhleb.
    43 | D        | Found a roughly hewn altar of Beogh.
    43 | D        | Found a sparkling altar of Nemelex Xobeh.
    43 | D        | Found a snail-covered altar of Cheibriados.
    43 | D        | Found a sacrificial altar of Ru.
    43 | D        | Found a deep blue altar of Sif Muna.
    43 | D        | Found a shimmering altar of Xom.
    43 | D        | Found a basalt altar of Yredelemnul.
    44 | D        | Found a viscous altar of Jiyva.
    44 | D        | Found a bloodstained altar of Trog.
    44 | D        | Found an ornate altar of the Wu Jian Council.
    44 | D        | Noticed an oklob sapling priest
    45 | D        | Found an iron altar of Okawaru.
    45 | D        | Found a shadowy altar of Dithmenos.
    45 | D        | Found a glowing silver altar of Zin.
    46 | D        | Found an ancient bone altar of Kikubaaqudgha.
    46 | D        | Found a hide-covered altar of Uskayaw.
    47 | D        | Found a stormy altar of Qazlal.
    47 | D        | Found a white marble altar of Elyvilon.
    47 | D        | Found a glowing golden altar of the Shining One.
    48 | D        | Found a corrupted altar of Lugonu.
    48 | D        | Found a radiant altar of Vehumet.
    51 | D        | Killed an oklob sapling priest
    51 | D        | Reached skill level 4 in Fighting
    51 | D        | Reached skill level 5 in Short Blades
    51 | D        | Reached skill level 6 in Dodging
    51 | D        | Reached skill level 9 in Stealth
    51 | D        | Reached XP level 4. HP: 25/25 MP: 5/5
    54 | D        | Became a worshipper of Dithmenos the Shadowed
    63 | D        | Reached skill level 6 in Short Blades
    63 | D        | Reached skill level 7 in Dodging
    63 | D        | Reached XP level 5. HP: 30/30 MP: 6/6
    82 | D        | Reached skill level 8 in Dodging
    82 | D        | Reached skill level 10 in Stealth
    94 | D        | Reached * piety under Dithmenos
    94 | D        | Reached skill level 5 in Fighting
   192 | D        | Found Emocw's Distillery.
   192 | D        | Found Uzavuim's Food Emporium.
   272 | D        | Noticed a burning bush
   272 | D        | Noticed a wandering mushroom
   273 | D        | Noticed a wandering mushroom
   275 | D        | Reached skill level 7 in Short Blades
   275 | D        | Reached skill level 9 in Dodging
   275 | D        | Reached skill level 11 in Stealth
   275 | D        | Reached XP level 6. HP: 35/35 MP: 4/7
   284 | D        | Killed a wandering mushroom
   284 | D        | Reached ** piety under Dithmenos
   284 | D        | Reached skill level 6 in Fighting
   284 | D        | Reached skill level 8 in Short Blades
   284 | D        | Reached skill level 10 in Dodging
   284 | D        | Reached skill level 12 in Stealth
   284 | D        | Reached XP level 7. HP: 32/41 MP: 4/8
   289 | D        | Killed a wandering mushroom
   289 | D        | Reached skill level 7 in Fighting
   289 | D        | Reached skill level 9 in Short Blades
   289 | D        | Reached skill level 11 in Dodging
   289 | D        | Reached skill level 13 in Stealth
   448 | D        | Found Fyvem's Book Shoppe.
   449 | D        | Found Ogisom's Book Emporium.
   784 | D        | Noticed a queen bee
   925 | D        | Killed a queen bee
   925 | D        | Reached *** piety under Dithmenos
   925 | D        | Reached skill level 12 in Dodging
   925 | D        | Reached skill level 14 in Stealth
   925 | D        | Reached XP level 8. HP: 46/46 MP: 6/9
   928 | D        | Reached skill level 10 in Short Blades
  1013 | D        | Noticed a burning bush
  1016 | D        | Killed a burning bush
  1016 | D        | Reached **** piety under Dithmenos
  1016 | D        | Reached skill level 8 in Fighting
  1016 | D        | Reached skill level 13 in Dodging
  1033 | D        | Noticed an oklob plant
  1036 | D        | Killed an oklob plant
  1036 | D        | Reached skill level 11 in Short Blades
  1036 | D        | Reached skill level 15 in Stealth
  1066 | D        | Noticed a burning bush
  1066 | D        | Noticed an oklob plant
  1737 | D        | Noticed a wandering mushroom
  1751 | D        | Killed a burning bush
  1751 | D        | Reached XP level 9. HP: 37/52 MP: 8/10
  1753 | D        | Killed an oklob plant
  1753 | D        | Reached skill level 9 in Fighting
  1753 | D        | Reached skill level 14 in Dodging
  1753 | D        | Reached skill level 16 in Stealth
  1757 | D        | Killed a wandering mushroom
  1757 | D        | Reached ***** piety under Dithmenos
  1852 | D        | Noticed a spriggan druid
  1853 | D        | Killed a spriggan druid
  1853 | D        | Reached skill level 12 in Short Blades
  1853 | D        | Reached skill level 15 in Dodging
  1853 | D        | Reached skill level 17 in Stealth
  1867 | D        | Noticed an oklob plant conjurer
  1868 | D        | Killed an oklob plant conjurer
  1899 | D        | Noticed an oklob plant
  1899 | D        | Noticed an oklob plant summoner
  1900 | D        | Noticed an oklob plant shifter
  1901 | D        | Killed an oklob plant
  1901 | D        | Reached skill level 10 in Fighting
  1904 | D        | Killed an oklob plant summoner
  1904 | D        | Reached XP level 10. HP: 59/59 MP: 4/11
  1906 | D        | Killed an oklob plant shifter
  1906 | D        | Reached skill level 13 in Short Blades
  1906 | D        | Reached skill level 16 in Dodging
  1906 | D        | Reached skill level 18 in Stealth
  1963 | D        | Noticed a spriggan rider
  1964 | D        | Found Ywoxit's Jewellery Shoppe.
  1964 | D        | Found Amaori's Food Emporium.
  2063 | D        | HP: 15/60 [poisoned by a spriggan rider]
  2068 | D        | HP: 9/60 [poisoned by a spriggan rider]
  2073 | D        | HP: 7/60 [poisoned by a spriggan rider]
  2080 | D        | HP: 6/60 [poisoned by a spriggan rider]
  2086 | D        | HP: 5/60 [poisoned by a spriggan rider]
  2194 | D        | HP: 7/60 [spriggan/short sword (12)]
  2431 | D        | Noticed Agnes
  2432 | D        | Found Oceroosu's General Store.
  2432 | D        | Found Ozaywkek's Magic Scroll Shoppe.
  2433 | D        | Killed Agnes
  2433 | D        | Reached skill level 11 in Fighting
  2433 | D        | Reached skill level 17 in Dodging
  2433 | D        | Reached skill level 19 in Stealth
  2433 | D        | Reached skill level 2 in Shields
  2435 | D        | Noticed a spriggan berserker
  2437 | D        | Killed a spriggan berserker
  2437 | D        | Reached skill level 14 in Short Blades
  2437 | D        | Reached skill level 3 in Shields
  2443 | D        | Noticed a spriggan defender
  2482 | D        | HP: 12/61 [spriggan defender/demon whip of draining (26)]
  2495 | D        | Annihilated by a spriggan defender

Vault maps used:
D:        dungeon_sprint_fedhas

Skill      XL: |  1  2  3  4  5  6  7  8  9 10 |
---------------+-------------------------------+-----
Fighting       | 2 3 4 5 6 7 8 10 11 | 11.2
Short Blades   | 3 4 5 6 7 8 9 11 12 14 | 14.0
Dodging        | 3 4 6 7 9 10 12 13 15 17 | 17.4
Stealth        | 6 7 9 11 12 14 15 17 19 | 19.2
Shields        | 3 |  3.1
Throwing       | |  2.0

Action                   |  1- 3 |  4- 6 |  7- 9 | 10-12 || total
-------------------------+-------+-------+-------+-------++-------
Melee: Dagger            |     5 |    16 |   121 |    44 ||   186
 Fire: Blowgun           |       |     7 |     9 |     5 ||    21
Invok: Shadow Step       |       |       |     2 |     2 ||     4
 Abil: Evoke Invisibilit |       |     2 |     5 |     2 ||     9
  Use: Potion            |       |     1 |       |     4 ||     5
 Stab: Sleeping          |     5 |     1 |    10 |     4 ||    20
       Invisible         |       |     3 |     7 |       ||    10
       Distracted        |       |       |     2 |     1 ||     3
  Eat: Ration            |       |       |     1 |     1 ||     2
Armor: Robe              |       |     1 |       |       ||     1
Dodge: Dodged            |       |    15 |    31 |    23 ||    69

Table legend:
 A = Spawn XP
 B = Non-spawn XP
 C = Spawn XP percentage of total XP
 D = Spawn monster count
 E = Non-spawn monster count
 F = Spawn count percentage of total count
 G = Total turns spent on level
                    A         B        C        D         E        F      G
               +---------+---------+-------+---------+---------+-------+---------
         Total |       0 |   10238 |   0.0 |       0 |      36 |   0.0 |  2495
               +---------+---------+-------+---------+---------+-------+---------
             D |       0 |   10238 |   0.0 |       0 |      36 |   0.0 |  2495
               +---------+---------+-------+---------+---------+-------+---------

Vault maps used:
D:        dungeon_sprint_fedhas

Table legend:
 A = Turns spent in this place as a percentage of turns spent in the entire game.
 B = Non-inter-level travel turns spent in this place as a percentage of non-inter-level travel turns spent in the entire game.
 C = Inter-level travel turns spent in this place as a percentage of turns spent in this place.
 D = Turns resting spent in this place as a percentage of non-inter-level travel turns spent in this place.
 E = Turns spent auto-exploring this place as a percentage of non-inter-level travel turns spent in this place.
 F = Non-inter-level travel turns spent in this place divided by the number of levels of this place that you've seen.
                   A       B       C       D       E      F
               +-------+-------+-------+-------+-------+----------------------
         Total | 100.0 | 100.0 |   0.0 |  55.2 |   0.0 | 2495.0
       Dungeon | 100.0 | 100.0 |   0.0 |  55.2 |   0.0 | 2495.0
               +-------+-------+-------+-------+-------+----------------------

Table legend:
 A = Kills in this place as a percentage of kills in entire the game.
 B = Kills by you in this place as a percentage of kills by you in the entire game.
 C = Kills by friends in this place as a percentage of kills by friends in the entire game.
 D = Other kills in this place as a percentage of other kills in the entire game.
 E = Experience gained in this place as a percentage of experience gained in the entire game.
 F = Experience gained in this place divided by the number of levels of this place that you have seen.
                   A       B       C       D       E      F
               +-------+-------+-------+-------+-------+----------------------
         Total | 100.0 | 100.0 |   N/A |   N/A | 100.0 | 10238.0
       Dungeon | 100.0 | 100.0 |   N/A |   N/A | 100.0 | 10238.0
               +-------+-------+-------+-------+-------+----------------------
